 Dungeon Crawl Stone Soup version 0.29-a0-973-gac7da5f7f0 (webtiles) character file.

Game seed: 9178101453232564479

58 pokeman the Magician (level 3, -4/20 HPs)
             Began as a Deep Elf Hedge Wizard on July 31, 2022.
             Slain by Crazy Yiuf
             ... wielding a +4 quarterstaff of chaos
              (9 damage)
             ... on level 2 of the Dungeon.
             The game lasted 00:03:19 (1812 turns).

pokeman the Magician (Deep Elf Hedge Wizard)        Turns: 1812, Time: 00:03:19

Health: -4/20      AC:  5    Str:  7    XL:     3   Next: 76%
Magic:  7/11       EV: 12    Int: 20    God:
Gold:   88         SH:  0    Dex: 14    Spells: 1/12 levels left

rFire   . . .      SeeInvis +   f - +0 mace
rCold   . . .      Faith    .   (no shield)
rNeg    . . .      Spirit   .   h - +0 leather armour
rPois   .          Reflect  .   c - +0 hat
rElec   .          Harm     .   r - +0 cloak
rCorr   .          Rampage  .   (no gloves)
Will    .....                   q - +0 pair of boots
Stlth   ++........              (no amulet)
HPRegen 0.06/turn               l - ring of see invisible
MPRegen 0.12/turn               (no ring)

@: very slightly contaminated
A: no striking features
a: no special abilities


You were on level 2 of the Dungeon.
You visited 1 branch of the dungeon, and saw 2 of its levels.

You collected 88 gold pieces.

Inventory:

Hand Weapons
 f - a +0 mace (weapon)
Armour
 c - a +0 hat (worn)
 h - a +0 leather armour (worn)
 n - the +1 ring mail of Reason {rN+}
   (You found it on level 2 of the Dungeon)

   rN:        It protects you from negative energy.
 q - a +0 pair of boots (worn)
 r - a +0 cloak (worn)
Jewellery
 a - a ring of fire
 l - a ring of see invisible (left hand)
Scrolls
 i - a scroll of enchant armour {unknown}
 j - a scroll of immolation {unknown}
 k - 2 scrolls of poison {unknown}
 o - a scroll of vulnerability {unknown}
Potions
 b - 3 potions of invisibility {unknown}
 d - 2 potions of magic
 e - a potion of lignification {unknown}
 g - a potion of curing {unknown}
 m - a potion of flight {unknown}
 p - a potion of brilliance {unknown}


   Skills:
 - Level 1.0 Fighting
 - Level 1.0 Armour
 + Level 2.5 Dodging
 + Level 2.4 Stealth
 * Level 5.3 Spellcasting
 + Level 2.0 Conjurations
 - Level 1.1 Summonings
 - Level 1.1 Translocations


You had one spell level left.
You knew the following spells:

 Your Spells              Type           Power      Damage    Failure   Level
a - Magic Dart            Conj           52%        1d5       7%          1
b - Mephitic Cloud        Conj/Pois/Air  8%         N/A       36%         3
c - Call Imp              Summ           9%         N/A       16%         2
d - Blink                 Tloc           18%        N/A       16%         2
e - Conjure Flame         Conj/Fire      9%         6-21      32%         3

Your spell library contained the following spells:

 Spells                   Type           Power      Damage    Failure   Level
 Slow                     Hex            20%        N/A       16%         1
 Static Discharge         Conj/Air       9%         3-5/arc   16%         2
 Sticky Flame             Conj/Fire      9%         2d3       71%         4
 Dispel Undead            Necr           5%         3d7       85%         4


Dungeon Overview and Level Annotations

Branches:
Dungeon (2/15)

Altars:

Annotations:
D:2 Crazy Yiuf


Message History

Press: ? - help, Shift-Dir - straight line, f/p - rat
Aim: a rat (heavily wounded, 100% to hit)
The magic dart hits the rat.
You kill the rat!
Found a stone staircase leading down.
k - 2 scrolls labelled SENIGH NUQAFO (gained 1)
You now have 88 gold pieces (gained 9).
Found a hammer.
Found a runed translucent door.
Crazy Yiuf shouts!
Crazy Yiuf screams, "Snoogle!
Whiteboard pizzabubble snockshim."
Found a hammer.
Found a stone staircase leading up.
A frilled lizard comes into view.
Casting: Magic Dart (safe; 7% risk of failure)
Confirm with . or Enter, or press ? or * to list all spells.
Aiming: Magic Dart (safe; 7% risk of failure)
Press: ? - help, Shift-Dir - straight line, f - frilled lizard
Aim: a frilled lizard (asleep, 100% to hit)
The magic dart hits the frilled lizard.
You kill the frilled lizard!
Found a leather armour.
Found a stone staircase leading down.
You see here a +0 leather armour.
There is a stone staircase leading down here.
Casting: Magic Dart (safe; 7% risk of failure)
Confirm with . or Enter, or press ? or * to list all spells.
You miscast Call Imp.
You are very lightly contaminated with residual magic.
Nothing appears to happen.
Crazy Yiuf shouts!
Casting: Call Imp (safe; 16% risk of failure)
Confirm with . or Enter, or press ? or * to list all spells.
A beastly little devil appears in a puff of flame.
You open the door.
Unknown command.
You swap places.
Crazy Yiuf attacks as you move away!
Crazy Yiuf hits you with a +4 quarterstaff of chaos!
Ouch! That really hurt!
* * * LOW HITPOINT WARNING * * *
You are electrocuted!
You die...

###########..............##.
#...............#######.####
#.#########.....# #..... #.#
####### ###### #.# #.#
#.##### ### #..#..## ###..)#
#......####@g...# ##
##......#..##)..# #.
###...#.### ### #. #######
#. #. #. #. ##


You could see Crazy Yiuf (ally target) and a friendly crimson imp (summoned).

Vanquished Creatures
  2 adders (D:2)
  A dart slug (D:1)
  4 ball pythons (D:1)
  5 bats
  6 endoplasms
  4 hobgoblins
  A quokka (D:1)
  3 frilled lizards
  2 goblins
  5 kobolds
  5 rats
38 creatures vanquished.

Notes
Turn   | Place    | Note
-------+----------+-------------------------------------------
     0 | D:1      | pokeman the Deep Elf Hedge Wizard began the quest for the
                  | Orb.
     0 | D:1      | Reached XP level 1. HP: 10/10 MP: 7/7
   240 | D:1      | Reached XP level 2. HP: 16/16 MP: 2/9
   358 | D:1      | Found a faded altar of an unknown god.
   591 | D:1      | Reached skill level 5 in Spellcasting
   690 | D:1      | Reached XP level 3. HP: 20/20 MP: 4/11
   694 | D:1      | Learned a level 3 spell: Mephitic Cloud
   697 | D:1      | Learned a level 2 spell: Call Imp
   700 | D:1      | Learned a level 2 spell: Blink
   704 | D:1      | Learned a level 3 spell: Conjure Flame
  1143 | D:2      | Identified the +1 ring mail of Reason {rN+}
  1272 | D:2      | Reached skill level 1 in Fighting
  1371 | D:2      | Reached skill level 1 in Armour
  1542 | D:2      | Found a runed translucent door.
  1543 | D:2      | Noticed Crazy Yiuf
  1812 | D:2      | Slain by Crazy Yiuf

Illustrated notes

Levels and vault maps discovered:
D:1:      erik_arrival_orb_chamber, layout_rooms,
          ebering_ecumenical_altar_ruins, grunt_decor_one_mirror, st_stairs_9
D:2:      layout_basic, dk_noncrumbling_4, uniq_crazy_yiuf_cottage

Skill      XL: |  1  2  3 |
---------------+----------+-----
Spellcasting   | 5 |  5.3
Fighting       | 1 |  1.0
Armour         | 1 |  1.0
Conjurations   | 2 |  2.0
Dodging        | |  2.5
Stealth        | |  2.4
Summonings     | |  1.1
Translocations | |  1.1

Action                   || total
-------------------------++-------
Melee: Mace              ||     4
 Cast: Magic Dart        ||    84
       Call Imp          ||     1
 Stab: Sleeping          ||     1
Armor: Leather armour    ||     1
Dodge: Dodged            ||     6

Table legend: (Time is in decaauts)
 A = Elapsed time spent in this place.
 B = Non-inter-level travel time spent in this place.
 C = Inter-level travel time spent in this place.
 D = Time resting spent in this place.
 E = Time spent auto-exploring this place.
 F = Levels seen in this place.
 G = Mean time per level.
                   A        B        C        D        E       F      G
               +--------+--------+--------+--------+--------+-----+--------+
         Total |   1812 |   1771 |     41 |      0 |   1521 |   2 |  906.0 |
       Dungeon |   1812 |   1771 |     41 |      0 |   1521 |   2 |  906.0 |
               +--------+--------+--------+--------+--------+-----+--------+

Top non-repeatable levels by time:
     D:1: 1056 daAuts
     D:2: 756 daAuts
